 Dungeon Crawl Stone Soup version 0.26-a0-30-g56b8cd3df0 (webtiles) character file.

Game seed: 6774785785717239380, levelgen mode: deterministic

2950 vurker the Thaumaturge (level 9, -9/52 HPs)
             Began as a Deep Elf Conjurer on May 30, 2020.
             Was an Initiate of Vehumet.
             Mangled by Duvessa
             ... wielding a +3 rapier of draining
              (10 damage)
             ... on level 6 of the Dungeon.
             The game lasted 00:09:32 (7672 turns).

vurker the Thaumaturge (Deep Elf Conjurer)          Turns: 7672, Time: 00:09:32

Health: -9/52      AC:  4    Str:  5    XL:     9   Next: 51%
Magic:  5/25       EV: 15    Int: 24    God:    Vehumet [......]
Gold:   271        SH:  0    Dex: 15    Spells: 21/28 levels left

rFire    + . .     SeeInvis .   l - +3 dagger (venom)
rCold    . . .     Gourm    .   (no shield)
rNeg     . . .     Faith    .   a - +0 robe
rPois    .         Spirit   .   g - +1 helmet
rElec    .         Reflect  .   (no cloak)
rCorr    .         Harm     .   (no gloves)
MR       .....                  (no boots)
Stlth    +++.......             (no amulet)
HPRegen  0.17/turn              f - ring of protection from fire
MPRegen  0.19/turn              o - ring of stealth

@: very slightly contaminated, heavily drained
A: no striking features
a: Renounce Religion


You were on level 6 of the Dungeon.
You worshipped Vehumet.
Vehumet was noncommittal.
You were not hungry.

You visited 2 branches of the dungeon, and saw 7 of its levels.

You collected 271 gold pieces.

Inventory:

Hand Weapons
 l - a +3 dagger of venom (weapon)
   (You took it off a kobold on level 1 of the Dungeon)
Armour
 a - a +0 robe (worn)
 g - a +1 helmet (worn)
   (You took it off Robin on level 2 of the Dungeon)
Jewellery
 f - a ring of protection from fire (left hand)
   (You found it on level 1 of the Dungeon)
 o - a ring of stealth (right hand)
   (You found it on level 4 of the Dungeon)
Scrolls
 j - a scroll of teleportation
 k - 2 scrolls of enchant weapon
 p - a scroll of enchant armour
 r - a scroll of remove curse
Potions
 b - a potion of curing
 c - a potion of brilliance
 h - a potion of lignification
 i - 2 potions of heal wounds
 m - a potion of resistance {unknown}
 n - 3 potions of degeneration {unknown}
 q - a potion of mutation {unknown}
 t - a potion of flight {unknown}
 w - a potion of invisibility {unknown}
Comestibles
 e - 5 rations
 s - 4 chunks of flesh


   Skills:
 + Level 4.2(2.1) Fighting
 * Level 7.4(5.1) Dodging
 - Level 2.4(0.4) Stealth
 * Level 10.2(7.8) Spellcasting
 * Level 9.3(6.9) Conjurations


You had 21 spell levels left.
You knew the following spells:

 Your Spells              Type           Power        Failure   Level  Hunger
a - Magic Dart            Conj           ####         1%          1    None
b - Searing Ray           Conj           #####.       1%          2    None
c - Iskenderun's Mystic   Conj/Tloc      ####....     16%         4    ###....

Your spell library contained the following spells:

 Spells                   Type           Power        Failure   Level  Hunger
 Dazzling Flash           Conj/Hex       ####..       4%          3    None
 Fulminant Prism          Conj/Hex       ####......   16%         4    ###....


Dungeon Overview and Level Annotations

Branches:
Dungeon (6/15)             Temple (1/1) D:5

Altars:
Cheibriados
Dithmenos
Elyvilon
Fedhas
Kikubaaqudgha
Okawaru
Qazlal
Ru
Trog
Uskayaw
Vehumet
Wu Jian
Yredelemnul
Zin

Annotations:
D:3 3 runed translucent doors, PezzR's ghost, amateur GrFi
D:5 2 transporters, Thantalas's ghost, amateur FoAK
D:6 Duvessa


Message History

Nothing appears to happen.
Duvessa misses you.
You erupt in a blast of force!
The mystic blast hits Duvessa!
Duvessa is knocked back by the mystic blast.
You erupt in a blast of force!
The mystic blast hits Duvessa but does no damage.
Duvessa completely misses you.
Duvessa hits you with a +3 rapier of draining!
You feel drained.
You erupt in a blast of force!
The mystic blast hits Duvessa but does no damage.
Duvessa hits you with a +3 rapier of draining.
You feel drained.
Okay, then.
Duvessa barely misses you.
Duvessa rages.
Duvessa misses you.
The mass of ice explodes!
The iceblast engulfs Duvessa!
Duvessa barely misses you.
The mass of ice explodes!
The iceblast engulfs Duvessa.
Duvessa hits you with a +3 rapier of draining!
* * * LOW HITPOINT WARNING * * *
You feel drained.
* * * LOW HITPOINT WARNING * * *
Duvessa hits you with a +3 rapier of draining.
* * * LOW HITPOINT WARNING * * *
You feel drained.
Okay, then.
Okay, then.
Okay, then.
The mass of ice explodes!
The iceblast engulfs Duvessa.
Duvessa hits you with a +3 rapier of draining.
* * * LOW HITPOINT WARNING * * *
You feel drained.
* * * LOW HITPOINT WARNING * * *
Unknown command.
The mass of ice explodes!
The iceblast engulfs Duvessa but does no damage.
Duvessa hits you with a +3 rapier of draining.
* * * LOW HITPOINT WARNING * * *
You feel drained.
* * * LOW HITPOINT WARNING * * *
The mass of ice explodes!
The iceblast engulfs Duvessa!
Duvessa misses you.
Duvessa hits you with a +3 rapier of draining.
* * * LOW HITPOINT WARNING * * *
You feel drained.
Unknown command.
The mass of ice explodes!
The iceblast engulfs Duvessa!
The now-empty wand crumbles to dust.
Duvessa hits you with a +3 rapier of draining!
You die...

#.# ##.## ... #)# #[#
#[# #.# #<#
##############@#
#......).....e.#
#..##.########).....†
#. #.###### #. #.# #.
#.# #. ..# ## ###


You could see Duvessa (berserk).

Vanquished Creatures
  Pikel (D:4)
  Grinder (D:4)
  Sigmund (D:6)
  Eustachio (D:5)
  A water moccasin (D:5)
  3 sky beasts
  An orc warrior (D:6)
  2 ice beasts
  3 ogres
  2 centaurs
  A scorpion (D:4)
  Dowan (D:6)
  A howler monkey (D:4)
  A crimson imp (D:4)
  A centaur zombie (D:3)
  2 hounds (D:5)
  2 jellies
  2 orc priests (D:5)
  5 orc wizards
  Natasha (thrice) (D:4)
  2 worker ants (D:5)
  2 hound zombies (D:5)
  A howler monkey zombie (D:3)
  5 gnolls
  Robin (D:2)
  A howler monkey skeleton (D:3)
  6 adders
  An ooze (D:3)
  An adder zombie (D:3)
  2 adder skeletons (D:3)
  2 worms
  6 dart slugs
  3 leopard geckos
  8 orcs
  3 ball pythons
  5 giant cockroaches
  19 goblins
  8 hobgoblins
  6 jackals
  4 quokkas
  11 bats
  4 frilled lizards
  6 kobolds
  2 rats
144 creatures vanquished.

Notes
Turn   | Place    | Note
-------+----------+-------------------------------------------
     0 | D:1      | vurker the Deep Elf Conjurer began the quest for the Orb.
     0 | D:1      | Reached XP level 1. HP: 10/10 MP: 6/6
   182 | D:1      | Reached XP level 2. HP: 16/16 MP: 6/8
   683 | D:1      | Reached XP level 3. HP: 20/20 MP: 7/10
   729 | D:1      | Reached skill level 4 in Spellcasting
  1039 | D:2      | Learned a level 2 spell: Searing Ray
  1046 | D:2      | Reached skill level 5 in Conjurations
  1047 | D:2      | Reached skill level 1 in Fighting
  1276 | D:2      | Found an ornate altar of the Wu Jian Council.
  1279 | D:2      | Found a shadowy altar of Dithmenos.
  1279 | D:2      | Found a hide-covered altar of Uskayaw.
  1282 | D:2      | Found an iron altar of Okawaru.
  1343 | D:2      | Reached XP level 4. HP: 25/25 MP: 9/12
  1360 | D:2      | Noticed Robin
  1471 | D:2      | Killed Robin
  2232 | D:3      | Reached skill level 5 in Spellcasting
  2346 | D:3      | Noticed PezzR's ghost (amateur GrFi)
  2379 | D:3      | Found a runed translucent gate.
  2379 | D:3      | Found a runed translucent gate.
  2379 | D:3      | Found a runed translucent gate.
  2396 | D:3      | Reached XP level 5. HP: 29/29 MP: 11/14
  2423 | D:3      | Found a faded altar of an unknown god.
  3830 | D:4      | Noticed an ogre
  3834 | D:4      | Killed an ogre
  3834 | D:4      | Reached skill level 6 in Spellcasting
  3834 | D:4      | Reached XP level 6. HP: 4/35 MP: 11/17
  4205 | D:4      | Found a stormy altar of Qazlal.
  4246 | D:4      | Found a snail-covered altar of Cheibriados.
  4274 | D:4      | Learned a level 4 spell: Iskenderun's Mystic Blast
  4355 | D:4      | Noticed a sky beast
  4360 | D:4      | Killed a sky beast
  4360 | D:4      | Reached XP level 7. HP: 40/40 MP: 13/19
  4468 | D:4      | Noticed Grinder
  4475 | D:4      | Killed Grinder
  4475 | D:4      | Reached skill level 7 in Spellcasting
  4677 | D:4      | Found a glowing silver altar of Zin.
  4750 | D:4      | Noticed Natasha
  4755 | D:4      | Killed Natasha
  5010 | D:4      | Noticed Natasha
  5017 | D:4      | Killed Natasha
  5367 | D:4      | Noticed Pikel
  5387 | D:4      | Killed Pikel
  5387 | D:4      | Reached skill level 5 in Dodging
  5387 | D:4      | Reached skill level 8 in Spellcasting
  5387 | D:4      | Reached XP level 8. HP: 33/46 MP: 9/22
  5623 | D:4      | Found a snail-covered altar of Cheibriados.
  5860 | D:4      | Noticed Natasha
  5863 | D:4      | Killed Natasha
  5946 | D:4      | Found a stormy altar of Qazlal.
  6077 | D:4      | Found a glowing silver altar of Zin.
  6185 | D:5      | Entered Level 5 of the Dungeon
  6260 | D:5      | Reached skill level 9 in Spellcasting
  6364 | D:5      | Found a transporter.
  6393 | D:5      | Found a transporter.
  6611 | D:5      | Reached XP level 9. HP: 52/52 MP: 11/24
  6739 | D:5      | Noticed Eustachio
  6749 | D:5      | Killed Eustachio
  6970 | D:5      | Noticed Thantalas's ghost (amateur FoAK)
  7120 | D:5      | Found a staircase to the Ecumenical Temple.
  7133 | Temple   | Entered the Ecumenical Temple
  7218 | Temple   | Became a worshipper of Vehumet
  7493 | D:6      | Reached skill level 10 in Spellcasting
  7495 | D:6      | Noticed Dowan
  7582 | D:6      | Killed Dowan
  7641 | D:6      | Noticed Sigmund
  7647 | D:6      | Killed Sigmund
  7653 | D:6      | Noticed Duvessa
  7671 | D:6      | HP: 1/52 [Duvessa/+3 rapier of draining (3)]
  7672 | D:6      | Mangled by Duvessa

Illustrated notes

Levels and vault maps discovered:
D:1:      scummos_arrival_checkerplants, layout_loops_ring
D:2:      layout_rooms, grunt_temple_overflow_open, minmay_unequal, uniq_robin
D:3:      layout_basic, chequers_ecumenical_altar_simple, serial_undead,
          serial_undead_a, serial_undead_f, serial_undead_e, serial_undead_f,
          gammafunk_ghost_icy, grunt_ministairs_5, minmay_misc_feat_alley
D:4:      layout_gridville, overflow_temple_1_default, lemuel_doored_altar,
          grunt_qazlal_clouds, grunt_ministairs_2, uniq_grinder, uniq_pikel,
          uniq_natasha
D:5:      layout_rooms, minmay_temple_entry_crystal_x,
          gammafunk_ghost_mausoleum, first_ration, minmay_small_thing,
          uniq_eustachio
D:6:      layout_loops_ring, grunt_temple_overflow_champion_of_chaos,
          minitemple, kennysheep_cross_bottleneck, uniq_sigmund, uniq_duvessa
Temple:   grunt_temple_mini_profane

Skill      XL: |  1  2  3  4  5  6  7  8  9 |
---------------+----------------------------+-----
Spellcasting   | 4 5 6 8 9 10 | 10.2
Conjurations   | 5 6 7 8 9 |  9.3
Fighting       | 1 2 3 4 |  4.2
Dodging        | 5 6 7 |  7.4
Stealth        | |  2.4

Action                   |  1- 3 |  4- 6 |  7- 9 || total
-------------------------+-------+-------+-------++-------
Melee: Dagger            |       |     9 |     3 ||    12
 Cast: Magic Dart        |    69 |   105 |    75 ||   249
       Searing Ray       |     1 |    14 |    47 ||    62
       Iskenderun's Myst |       |       |     4 ||     4
Evoke: Wand              |       |       |     6 ||     6
  Use: Scroll            |       |     8 |     4 ||    12
       Potion            |       |       |     1 ||     1
 Stab: Sleeping          |       |     1 |       ||     1
  Eat: Chunk             |     1 |     9 |     7 ||    17
       Ration            |       |       |     1 ||     1
Armor: Robe              |       |     9 |     4 ||    13
Dodge: Dodged            |     3 |    32 |    46 ||    81

Table legend:
 A = Non-vault XP
 B = Vault XP
 C = Vault XP percentage of total XP
 D = Non-vault monster count
 E = Vault monster count
 F = Vault count percentage of total count
                 A         B        C        D         E       F
            +---------+---------+-------+---------+---------+-------
      Total |    2534 |    1681 |  39.9 |     116 |      28 |  19.4
            +---------+---------+-------+---------+---------+-------
        D:1 |      63 |       0 |   0.0 |      28 |       0 |   0.0
        D:2 |      42 |      39 |  48.1 |      14 |      15 |  51.7
        D:3 |      83 |      91 |  52.3 |      22 |       6 |  21.4
        D:4 |     786 |     929 |  54.2 |      12 |       3 |  20.0
        D:5 |    1248 |     329 |  20.9 |      33 |       2 |   5.7
        D:6 |     312 |     293 |  48.4 |       7 |       2 |  22.2
            +---------+---------+-------+---------+---------+-------
